cohdb
Replays
Latest Replays
All Replays
Popular Replays
Top Player Replays
Match Explorer
How It Works
Community
CoH3 Stats
Reddit
Sign in to upload your games and track your stats! →
Sign in with Steam
Match 41641640
Unlisted
Match 41641640
Overview
Messages
Build Orders
End
Kettenkrad Recon Vehicle
Construct Infanterie Kompanie
Selects Terror Battlegroup
Selects Machine Gun Camouflage
MG 42 Machine Gun Team
Grenadier Squad
GrW 34 Mortar Team
Grenadier Squad
Construct Panzergrenadier Kompanie
MG 42 Machine Gun Team
Construct Panzergrenadier Kompanie
Support Elements
Selects Defend the Fatherland
Nebelwerfer 42 Rocket Launcher Team
奕奇电脑(郑州百脑汇
Eric
卡卡
Teddy
Exf
Gravey
Icefire
kingmins04
0
0
Comments
sign in to comment!
No comments posted yet!